 Dungeon Crawl Stone Soup version 0.25.1-2-g60ff931df9 (webtiles) character file.

Game seed: 15212951302232518529

4705 Martska the Poker (level 10, -1/94 HPs)
             Began as a Naga Warper on Aug 13, 2020.
             Was a Follower of Cheibriados.
             Slain by a troll (5 damage)
             ... on level 9 of the Dungeon.
             The game lasted 00:26:36 (13869 turns).

Martska the Poker (Naga Warper)                    Turns: 13869, Time: 00:26:37

Health: -1/94      AC: 14    Str: 18    XL:     10   Next: 45%
Magic:  15/16      EV:  9    Int: 24    God:    Cheibriados [*.....]
Gold:   347        SH: 10    Dex: 14    Spells: 12/17 levels left

rFire    . . .     SeeInvis +   a - +0 spear
rCold    . . .     Gourm    .   I - +0 kite shield
rNeg     . . .     Faith    .   b - +1 leather armour
rPois    +         Spirit   .   C - +0 helmet
rElec    .         Reflect  .   K - +0 cloak {rCorr}
rCorr    +         Harm     .   x - +0 pair of gloves
MR       +....                  N - +0 naga barding
Stlth    +.........             (no amulet)
HPRegen  0.25/turn              w - +4 ring of slaying
MPRegen  0.15/turn              D - +6 ring of intelligence

@: very slow
A: large, see invisible, deformed body, poison resistance, slowness 2, slow
metabolism 1, spit poison 1, AC +3
a: Spit Poison, Bend Time, Renounce Religion


You were on level 9 of the Dungeon.
You worshipped Cheibriados.
Cheibriados was aware of your devotion.
You were not hungry.

You visited 2 branches of the dungeon, and saw 10 of its levels.

You collected 464 gold pieces.
You spent 117 gold pieces at shops.

Inventory:

Hand Weapons
 a - a +0 spear (weapon)
 J - a +3 quarterstaff of chaos
Missiles
 l - 8 boomerangs (quivered)
Armour
 b - a +1 leather armour (worn)
 x - a +0 pair of gloves (worn)
 y - a +0 cloak
 C - a +0 helmet (worn)
 F - a +0 crystal plate armour
 I - a +0 kite shield (worn)
 K - a +0 cloak of preservation (worn)
 N - a +0 naga barding (worn)
Jewellery
 c - an uncursed ring of ice
 e - a +6 ring of dexterity {unknown}
 k - an uncursed ring of protection from cold
 w - a +4 ring of slaying (left hand)
 B - an uncursed ring of flight {unknown}
 D - a +6 ring of intelligence (right hand)
 L - an uncursed ring of resist corrosion {unknown}
 O - an uncursed amulet of regeneration {unknown}
 Q - an uncursed ring of stealth {unknown}
Wands
 G - a wand of polymorph (12)
 M - a wand of iceblast (10)
Scrolls
 g - 2 scrolls of magic mapping
 h - 2 scrolls of random uselessness {unknown}
 m - 3 scrolls of enchant armour
 o - a scroll of immolation {unknown}
 q - 3 scrolls of remove curse
 r - 2 scrolls of fog
 s - a scroll of amnesia {unknown}
 z - 10 scrolls of identify
 H - a scroll of enchant weapon {unknown}
Potions
 d - 2 potions of mutation {unknown}
 i - a potion of resistance
 j - a potion of stabbing {unknown}
 n - 4 potions of curing
 p - a potion of ambrosia {unknown}
 t - a potion of might {unknown}
 u - 2 potions of flight {unknown}
 v - 2 potions of berserk rage {unknown}
 A - 4 potions of degeneration {unknown}
 E - a potion of cancellation {unknown}
 P - a potion of brilliance {unknown}
Comestibles
 f - 13 rations


   Skills:
 * Level 7.3 Fighting
 * Level 7.4 Polearms
 - Level 0.8 Throwing
 + Level 3.7 Armour
 * Level 6.2 Dodging
 * Level 5.0 Shields
 - Level 4.0 Spellcasting
 - Level 3.0 Translocations


You had 12 spell levels left.
You knew the following spells:

 Your Spells              Type           Power        Failure   Level  Hunger
a - Blink                 Tloc           N/A          12%         2    #......
b - Teleport Other        Tloc           ###.....     24%         3    ##.....

Your spell library contained the following spells:

 Spells                   Type           Power        Failure   Level  Hunger
 Shroud of Golubria       Chrm/Tloc      ##....       22%         2    #......
 Gell's Gravitas          Tloc           ###.......   24%         3    ##.....
 Lesser Beckoning         Tloc           ###.......   24%         3    ##.....
 Passage of Golubria      Tloc           N/A          61%         4    ####...


Dungeon Overview and Level Annotations

Branches:
Dungeon (9/15)             Temple (1/1) D:5
   Lair: D:8-11         Orc: D:9-12

Altars:
Ashenzari
Cheibriados
Dithmenos
Elyvilon
Fedhas
Gozag
Hepliaklqana
Kikubaaqudgha
Makhleb
Nemelex Xobeh
Okawaru
Qazlal
Ru
Sif Muna
Trog
Uskayaw
Vehumet
Wu Jian
Xom
Yredelemnul
Zin
The Shining One

Shops:
D:4 [

Annotations:
D:8 2 runed translucent doors, exclusion: orange crystal statue


Innate Abilities, Weirdness & Mutations

You cannot wear boots.
Your serpentine skin is tough. (AC +3)
You have supernaturally acute eyesight. (SInv)
Armour fits poorly on your strangely shaped body.
Your system is resistant to poisons. (rPois)
You cover ground very slowly.
You have a slow metabolism.
You can spit poison.


Message History

The troll closely misses you.
The two-headed ogre hits you with a +0 giant club!
The two-headed ogre hits you but does no damage.
You block the troll's attack. x3
The orc wizard points at you and mumbles some strange words.
The magic dart hits you.
The orc wizard points at you and mumbles some strange words.
The magic dart hits you but does no damage.
The orc wizard gestures at you while chanting.
The magic dart hits you! The troll misses you. The troll claws you.
* * * LOW HITPOINT WARNING * * *
The troll claws you.
* * * LOW HITPOINT WARNING * * *
The two-headed ogre barely misses you.
The two-headed ogre hits you with a +0 giant spiked club!
* * * LOW HITPOINT WARNING * * *
You block the troll's attack. The troll claws you.
* * * LOW HITPOINT WARNING * * *
The troll claws you.
You die...

...................
#............##.#####
#............##.### #
#....................
#....................
#......o.............
#...........###.###..
#>..........# .# #..
#...@O......# #..
#....T..........
###############.#


You could see a two-headed ogre, a troll and an orc wizard (fast).

Vanquished Creatures
  Joseph (D:8)
  A troll (D:9)
  A hippogriff (D:8)
  A hornet (D:8)
  A spriggan (D:8)
  5 yaks
  Menkaure (D:5)
  2 phantoms
  3 sky beasts
  3 ogres
  3 centaurs
  3 bullfrogs
  A wyvern zombie (D:8)
  A water moccasin zombie (D:5)
  A scorpion (D:7)
  4 killer bees (D:8)
  2 howler monkeys
  3 centaur zombies
  5 crimson imps
  3 orc priests
  Crazy Yiuf (D:5)
  A bullfrog skeleton (D:8)
  5 hounds
  7 orc wizards
  2 iguanas
  8 worker ants
  2 killer bee zombies
  10 adders
  4 gnolls (D:6)
  2 shadow imps
  An adder skeleton (D:8)
  3 worms
  A dart slug (D:1)
  3 leopard geckos
  17 orcs
  3 ball pythons
  5 giant cockroaches
  8 goblins
  7 hobgoblins
  3 jackals (D:2)
  8 kobolds
  3 quokkas
  4 bats (D:2)
  5 frilled lizards
  A leopard gecko zombie (D:6)
  6 rats
165 creatures vanquished.

Notes
Turn   | Place    | Note
-------+----------+-------------------------------------------
     0 | D:1      | Martska the Naga Warper began the quest for the Orb.
     0 | D:1      | Reached XP level 1. HP: 19/19 MP: 3/3
   700 | D:1      | Reached XP level 2. HP: 23/26 MP: 5/5
  1288 | D:1      | Reached XP level 3. HP: 21/33 MP: 6/6
  1868 | D:2      | Found a sparkling altar of Nemelex Xobeh.
  2699 | D:3      | Found a glowing golden altar of the Shining One.
  2784 | D:3      | Reached XP level 4. HP: 32/40 MP: 7/7
  3077 | D:3      | Found a faded altar of an unknown god.
  3105 | D:3      | Found a stormy altar of Qazlal.
  3821 | D:4      | Found a bloodstained altar of Trog.
  3846 | D:4      | Reached XP level 5. HP: 21/48 MP: 8/8
  4499 | D:4      | Reached XP level 6. HP: 51/56 MP: 10/10
  4501 | D:4      | Found Muthragh's Antique Armour Emporium.
  4524 | D:4      | Bought a helmet for 117 gold pieces
  4544 | D:4      | Learned a level 2 spell: Blink
  4548 | D:4      | Learned a level 3 spell: Teleport Other
  5194 | D:5      | Entered Level 5 of the Dungeon
  5215 | D:5      | Found a staircase to the Ecumenical Temple.
  5244 | Temple   | Entered the Ecumenical Temple
  5734 | D:5      | Reached skill level 1 in Armour
  5734 | D:5      | Reached XP level 7. HP: 37/64 MP: 11/11
  6147 | D:5      | Found a shimmering altar of Xom.
  6482 | D:5      | Reached skill level 1 in Shields
  6862 | D:5      | Reached XP level 8. HP: 36/73 MP: 12/12
  7163 | D:5      | Noticed Menkaure
  7175 | D:5      | Killed Menkaure
  7175 | D:5      | Reached skill level 5 in Fighting
  7175 | D:5      | Reached skill level 5 in Polearms
  7512 | D:5      | Found a runed translucent door.
  7513 | D:5      | Noticed Crazy Yiuf
  7533 | D:5      | Killed Crazy Yiuf
  7755 | D:6      | Noticed a yak
  7755 | D:6      | Noticed a yak
  7755 | D:6      | Noticed a yak
  7755 | D:6      | Noticed a yak
  7755 | D:6      | Noticed a yak
  7771 | D:5      | Killed a yak
  7788 | D:4      | HP: 1/74 [yak (8)]
  8136 | D:4      | Killed a yak
  8341 | D:4      | Killed a yak
  8360 | D:4      | Killed a yak
  8360 | D:4      | Reached XP level 9. HP: 11/81 MP: 14/14
  9109 | D:6      | Found a hide-covered altar of Uskayaw.
  9110 | D:6      | Found a snail-covered altar of Cheibriados.
  9110 | D:6      | Found a sacrificial altar of Ru.
  9127 | D:6      | Became a worshipper of Cheibriados the Contemplative
  9240 | D:6      | Reached skill level 5 in Dodging
 10094 | D:6      | Found a blossoming altar of Fedhas.
 10365 | D:7      | Found an ornate altar of the Wu Jian Council.
 11582 | D:8      | Reached * piety under Cheibriados
 11997 | D:8      | Found a runed translucent door.
 12003 | D:8      | Found the +10 tower shield of Ignorance {rN+ Int-4}
 12025 | D:8      | Found a runed translucent door.
 12026 | D:8      | Noticed an orange crystal statue
 12402 | D:8      | Noticed Joseph
 12418 | D:8      | Killed Joseph
 12418 | D:8      | Reached XP level 10. HP: 81/92 MP: 16/16
 12465 | D:8      | Found an opulent altar of Gozag.
 12477 | D:8      | Found a white marble altar of Elyvilon.
 12484 | D:8      | Found an iron altar of Okawaru.
 12586 | D:8      | Found an ancient bone altar of Kikubaaqudgha.
 13806 | D:9      | Reached skill level 5 in Shields
 13850 | D:9      | Noticed a two-headed ogre
 13869 | D:9      | HP: 4/94 [troll (5)]
 13869 | D:9      | Slain by a troll

Illustrated notes

Levels and vault maps discovered:
D:1:      dpeg_arrival_connections, layout_loops_corners, minmay_ruptured
D:2:      layout_basic, overflow_temple_1_default
D:3:      layout_basic, lemuel_round_altar, nicolae_qazlal_general_emergency,
          first_ration, chequers_ecumenical_altar_simple
D:4:      layout_rooms, bloody_trog, serial_shops, nicolae_shop_crystal,
          minmay_crossroads
D:5:      layout_rooms, minmay_temple_entry_drinking_statues, led_xom_imps,
          uniq_crazy_yiuf_cottage, uniq_menkaure
D:6:      layout_cave_pods, chequers_temple_overflow_statue_of_worship,
          fedhas_altar_4
D:7:      layout_gridville, nicolae_overflow_hidden_temple
D:8:      layout_gridville, nicolae_overflow_quartered_altars, grunt_pizzeria,
          chequers_guarded_unrand_ignorance, uniq_joseph
D:9:      layout_long_grid, bh_walls_and_bars, uniq_maurice
Temple:   nicolae_temple_figure_zero

Skill      XL: |  1  2  3  4  5  6  7  8  9 10 |
---------------+-------------------------------+-----
Dodging        | 2 3 4 5 6 |  6.2
Polearms       | 3 4 5 7 |  7.4
Fighting       | 3 4 5 6 7 |  7.3
Spellcasting   | 3 4 |  4.0
Armour         | 1 2 3 |  3.7
Shields        | 1 3 4 5 |  5.0
Throwing       | |  0.8
Translocations | |  3.0

Action                   |  1- 3 |  4- 6 |  7- 9 | 10-12 || total
-------------------------+-------+-------+-------+-------++-------
Melee: Spear             |   207 |   154 |   508 |   161 ||  1030
Throw: Boomerang         |       |     3 |     3 |       ||     6
 Cast: Blink             |       |       |     4 |     2 ||     6
Invok: Bend Time         |       |       |     7 |     2 ||     9
 Abil: Spit Poison       |     2 |     4 |    20 |     7 ||    33
  Use: Scroll            |     2 |     4 |    11 |       ||    17
       Potion            |       |       |     3 |       ||     3
 Stab: Sleeping          |     1 |       |       |       ||     1
  Eat: Chunk             |     4 |     4 |     5 |     2 ||    15
       Ration            |       |     1 |     4 |     1 ||     6
Armor: Leather armour    |    53 |    28 |   173 |    57 ||   311
Dodge: Dodged            |    91 |    73 |   164 |    60 ||   388
Block: Kite shield       |       |     4 |   194 |    86 ||   284
